[Event "FIDE WSTC Open 50 2025"]
[Site "Prague"]
[Date "2025.02.19"]
[Round "3.30"]
[White "Van Haastert, Edwin"]
[Black "Obsivac, Josef"]
[Result "1-0"]
[Annotator "TA"]
[ECO "B32"]
[WhiteElo "2408"]
[BlackElo "2262"]
[PlyCount "123"]
[EventDate "2025.02.17"]
[EventType "team-tourn"]
[EventCountry "CZE"]
[SourceTitle "playchess.com"]
[Source "ChessBase"]
[SourceQuality "1"]
[TimeControl "40/5400+30:1800+30"]

1. e4 c5 2. Nf3 Nc6 3. d4 cxd4 4. Nxd4 e5 5. Nb5 d6 6. N1c3 a6 7. Na3 Be7 {[%emt 0:00:18] 7...Be6 is a critical line.} 8. Nd5 {[%emt 0:01:06] B32: Sicilian: Löwenthal and Kalashnikov Variations.} Nf6 9. Nxf6+ Bxf6 10. Bc4 {[%emt 0:00:07] White has an edge.} O-O 11. O-O Rb8 12. c3 $146 ({Predecessor:} 12. Be3 b5 13. Bd5 Qc7 14. b3 Ne7 15. c4 Nxd5 16. cxd5 Bd7 17. Qd2 Bd8 18. Nc2 {0-1 Davey,M (1995)-Decoster,F (2298) Ghent Taminco op 37th 2014 (5)}) 12... b5 13. Bb3 a5 14. Qd3 b4 15. Nc2 Be7 16. Ne3 g6 17. Rd1 Kg7 18. Nd5 {[%emt 0:03:02][%csl Od5] Strong Square White (d5)} Bg5 19. Ne3 Be7 $1 20. Qd2 Be6 21. Nd5 Bxd5 22. Bxd5 bxc3 23. bxc3 Qc7 24. Qh6+ Kh8 25. Rd3 $36 {[%emt 0:00:22][%mdl 2048] [#] Keeping Black busy. White has more active pieces.} Rg8 26. Bg5 {[%emt 0:10:39][%cal Oh6h7] White threatens Qxh7+! and mate.} (26. Bxf7 $2 Bf8 27. Qd2 Qxf7 $19) 26... Bxg5 27. Qxg5 Qe7 {[%emt 0:01:27] Wards off Qf6+} (27... a4 $142) 28. Qxe7 $16 Nxe7 29. Bxf7 Rgf8 30. Bb3 Rf6 31. Rad1 Rb6 32. f3 g5 33. Rb1 (33. c4 $18 {[%cal Oc4c5] c5! would now be deadly.} Rc6 34. c5 Rxc5 35. Rxd6 Rxd6 36. Rxd6) 33... Rf8 34. Bc2 Rxb1+ 35. Bxb1 {[%emt 0:00:04][%mdl 4096] Endgame KRB-KRN. White is a pawn up.} Rb8 36. Bc2 Rb6 37. Bb3 Kg7 38. Kf2 Kf6 39. Ke3 Rc6 40. Kd2 Rb6 41. Kc2 h5 42. g3 Kg7 43. Be6 Kf6 44. Bd7 Kf7 45. c4 ({White should play} 45. a4 $16) 45... Nc6 $1 $14 46. Bxc6 {[%emt 0:00:00] Black is on the road to losing.} (46. Rxd6 $2 Nb4+ 47. Kb3 Rxd6 $19) 46... Rxc6 {[%emt 0:00:02] KR-KR. White is a pawn up.} 47. Kc3 Rb6 48. Rd5 Rb1 49. Rxd6 (49. Rxa5 Rh1 $11) 49... Rf1 (49... Rc1+ $142 50. Kb3 Rb1+ 51. Ka3 Rc1) 50. c5 $18 Rxf3+ $2 {[%emt 0:00:17] [#]} (50... Rc1+ 51. Kd3 h4) 51. Rd3 Rf1 52. Kc4 Ke6 53. Rd6+ (53. Kb5 $142) 53... Ke7 54. Rh6 Rd1 (54... Rf2 {is a better defense.} 55. Rxh5 Rxa2) 55. Rxh5 Rd4+ 56. Kb5 Rxe4 57. Rxg5 ({But not} 57. Kxa5 Ke6 58. Rh6+ (58. Rxg5 Kd5 $18) 58... Kd7 59. c6+ Kc7 $18) 57... Kf6 (57... Re2 $142 58. a3 (58. Kxa5 Rxa2+ 59. Kb6 Rb2+ 60. Kc7 Ke6 $18) 58... e4) 58. h4 {[%emt 0:00:00] White is clearly winning.} Re2 59. a4 (59. Kxa5 Rxa2+ 60. Kb6 Rb2+ 61. Kc7 e4 $16) 59... e4 60. Rg8 Kf7 61. Rg4 Ke6 62. Kc4 {[%emt 0:00:00] Weighted Error Value: White=0.19 (very precise) /Black=0.26 (precise)   Mistake:       	White=2     	Black=5      Inaccurate:     	White=2     	Black=7      OK:         	White=28    	Black=13     Best:        	White=2     	Black=3      Strong:       	---       	Black=2} ({Weaker is} 62. Kxa5 Kd5 63. Rg5+ Ke6 $18) 1-0

[Event "FIDE WSTC Open 50 2025"]
[Site "Prague"]
[Date "2025.02.19"]
[Round "3.31"]
[White "Holemar, David"]
[Black "Roobol, Martin"]
[Result "1/2-1/2"]
[Annotator "TA"]
[ECO "A48"]
[WhiteElo "2150"]
[BlackElo "2242"]
[PlyCount "36"]
[EventDate "2025.02.17"]
[EventType "team-tourn"]
[EventCountry "CZE"]
[SourceTitle "playchess.com"]
[Source "ChessBase"]
[SourceQuality "1"]
[TimeControl "40/5400+30:1800+30"]

1. d4 Nf6 2. Nf3 g6 3. Bg5 Bg7 4. Nbd2 d5 5. c3 O-O 6. e3 b6 7. Bd3 Bb7 8. O-O c5 {[%emt 0:01:17] The position is equal.} 9. Qe2 {[%emt 0:01:52] D03: 1 d4 d5 2 Nf3 Nf6 3 Bg5, including Torre Attack with early ...d5.} Ne4 10. Bh4 Nd7 11. Ba6 Bxa6 12. Qxa6 {[%emt 0:00:09] Not much happened in this game.   Weighted Error Value: White=0.08 (flawless) /Black=0.07 (flawless)   OK:         	White=1     	Black=2} {Predecessor:} Ndf6 $146 13. a4 cxd4 14. exd4 Nxd2 15. Nxd2 Qd7 16. Rfe1 e6 17. Qb5 Qb7 18. Qd3 Rfc8 {0-1 Monda,L (2086)-Zamar Kodelja,J (2249) Lignano Sabbiadoro op 3rd 2017 (5)} 1/2-1/2

[Event "FIDE WSTC Open 50 2025"]
[Site "Prague"]
[Date "2025.02.19"]
[Round "3.32"]
[White "Kindt, Manfred"]
[Black "Skacelik, Petr"]
[Result "0-1"]
[Annotator "TA"]
[ECO "B31"]
[WhiteElo "2049"]
[BlackElo "2132"]
[PlyCount "102"]
[EventDate "2025.02.17"]
[EventType "team-tourn"]
[EventCountry "CZE"]
[SourceTitle "playchess.com"]
[Source "ChessBase"]
[SourceQuality "1"]
[TimeControl "40/5400+30:1800+30"]

1. e4 c5 2. Nf3 Nc6 3. Bb5 g6 4. O-O Bg7 5. c3 Nf6 6. Re1 O-O 7. d4 cxd4 {[%emt 0:04:50] 7...d5 is more advanced technology.} 8. cxd4 d5 9. e5 Nd7 {[%emt 0:00:11] B31: Sicilian: 2...Nc6 3 Bb5 g6.} 10. Bxc6 bxc6 11. e6 (11. Be3 $14) 11... fxe6 $11 {[%emt 0:03:21] The position is equal.} 12. Ng5 Nf6 13. Nc3 $146 (13. Be3 $15) ({Predecessor:} 13. Nxe6 Bxe6 14. Rxe6 Ne4 15. Be3 Qd7 16. Qg4 Rf5 17. Rxe4 dxe4 18. Qxe4 Rb8 19. b3 c5 20. Na3 cxd4 21. Rd1 Qb7 22. Qe6+ Rf7 23. Bf4 Qc8 24. Qd5 Qg4 {0-1 Chen,R-Ang,E (1592) Eastern Asia-ch U08 3rd 2018 (4.1)}) 13... Qd6 14. Na4 (14. h3 $15) 14... h6 $1 $17 15. Nf3 (15. Nh3 $17) 15... Nd7 (15... Ng4 $1 $19 16. h3 Rxf3 17. hxg4 Rf7) 16. Qe2 $11 Rxf3 17. gxf3 e5 18. dxe5 (18. Kh1 $15) 18... Bxe5 $2 (18... Nxe5 $2 19. Bf4 Nxf3+ 20. Qxf3 $18) (18... Qb4 $1 $19 19. Nc3 Nxe5 (19... Bxe5 20. Bxh6 Rb8 21. Bg5 $14) 20. Bxh6 Ba6) 19. f4 (19. Bxh6 $16 {and Bg5 should not be overlooked} Bxh2+ 20. Kg2) 19... Bf6 20. Bd2 (20. Be3 $1 $11) 20... Nb6 $17 21. Nxb6 axb6 22. Qd3 (22. Qf3 $17) 22... Kg7 ({Black should play} 22... Bxb2 $19 23. Rad1 Bf5 (23... Rxa2 $2 24. Qb1 $18)) 23. Qb3 c5 {[%emt 0:02:42][%mdl 1024] Black has strong compensation.} 24. Rad1 Bd7 25. Bc1 d4 26. Rd3 b5 27. Rg3 c4 {[%emt 0:00:53] Prevents Qd3} 28. Qf3 Rg8 29. f5 (29. a3) 29... g5 (29... Bxf5 $1 $19 {[%cal Od4d3] ...d3! would now be deadly.} 30. Bf4 (30. Qxf5 $2 Qxg3+ 31. fxg3 gxf5 $19) 30... Qb4) 30. h4 {[%emt 0:01:50][%cal Rh4g5] [#]} Kf8 $1 $36 {[%emt 0:03:01][%mdl 2048] Keeping White busy.} (30... Bc6 $6 31. Qh5 Be8 32. Qf3 $11) 31. Qh5 {[%emt 0:01:49] [#]} (31. Qa8+ $17 {was the only chance.} Kf7 32. Qf3) 31... Rh8 $1 $19 {[%emt 0:00:23] Successful Defense Black} (31... Bxf5 32. hxg5 hxg5 33. Bxg5 $14) (31... Be5 32. Ra3 Bc6 (32... gxh4+ $2 33. Kf1 $18) (32... Bxf5 33. hxg5 Bg6 34. Rf3+ Ke8 35. Qg4 $18) 33. hxg5 $16 (33. Rxe5 Qxe5 34. Qxh6+ Kf7 $11)) 32. Qf3 (32. Rh3 Be8 (32... gxh4 33. Bxh6+ Bg7 34. Ra3 $14) (32... Bxf5 $2 33. Ra3 $19) 33. Qf3) 32... Qc6 (32... gxh4 33. Rg6 d3 34. Qh5 $18) (32... Bc6 $19 {is more deadly.} 33. Qh5 Qd5 (33... gxh4 $2 34. Bxh6+ Rxh6 35. Qxh6+ $18)) 33. Qxc6 $17 Bxc6 34. hxg5 (34. Re6 $17 Bd7 (34... gxh4 $2 35. Rg4 $19) 35. Rb6 gxh4 (35... Bxf5 36. hxg5 hxg5 37. Rxb5 $16) 36. Rg4) 34... hxg5 $19 35. f3 d3 36. a3 $2 (36. Kg2) 36... Kf7 ({Worse is} 36... Bd4+ 37. Kg2 $14) 37. Kg2 Rd8 38. Rd1 Bd7 39. Rh3 Bxf5 40. Rh5 (40. Rh6 {keeps fighting.}) 40... Kg6 41. Rhh1 Bd7 42. Kf2 Bc6 43. Rh3 Kf5 44. Rh5 Be8 45. Rh2 Bd4+ 46. Kf1 $2 (46. Kg2) 46... Bc6 47. Rh5 (47. Rh3 $142) 47... Bf6 {[%emt 0:03:03] A strong pair of Bishops.} (47... Bxf3 $142 48. Rxg5+ Kf6) 48. Kf2 Rd6 49. f4 Re6 50. Re1 $2 (50. Be3) 50... Bd4+ 51. Re3 Kxf4 {[%emt 0:00:57] Weighted Error Value: White=0.65/Black=0.50  Missed win:     	---       	Black=2      Mistake:       	White=17    	Black=4      Inaccurate:     	White=3     	Black=4      OK:         	White=8     	Black=10     Best:        	White=3     	Black=6      Strong:       	---       	Black=3} (51... Bxe3+ 52. Bxe3 Rg6 53. fxg5 $17) 0-1

[Event "FIDE WSTC Open 50 2025"]
[Site "Prague"]
[Date "2025.02.19"]
[Round "3.34"]
[White "Rasalingam, Haran"]
[Black "Jirovsky, Milos"]
[Result "1/2-1/2"]
[Annotator "TA"]
[ECO "B01"]
[WhiteElo "2014"]
[BlackElo "2410"]
[PlyCount "107"]
[EventDate "2025.02.17"]
[EventType "team-tourn"]
[EventCountry "CZE"]
[SourceTitle "playchess.com"]
[Source "ChessBase"]
[SourceQuality "1"]
[TimeControl "40/5400+30:1800+30"]

1. e4 d5 2. exd5 Qxd5 3. Nc3 Qd6 4. d4 c6 5. Nf3 Bf5 6. Ne5 {[%emt 0:01:38] B01: Scandinavian Defence.} Nd7 7. g4 $146 (7. Nc4 $14 Qg6 8. Ne3) ({Predecessor:} 7. Nc4 Qg6 8. Ne3 Ngf6 9. Be2 h5 10. O-O e6 11. Nxf5 Qxf5 12. Bd3 Qa5 13. Qf3 {½-½ Huang,R (2480)-Li,C (2645) CHN-chT Div-A 2024 (5.1)}) 7... Nxe5 $15 8. gxf5 {[%emt 0:00:07] Black is slightly better.} Qxd4 9. Be3 {[%emt 0:01:38] [#]} (9. Qxd4 $2 Nf3+ 10. Kd1 Nxd4 $19) ({White should play} 9. Qe2 $1 $15) 9... Qxd1+ ({Better is} 9... Qb4 $1 10. Bd2 O-O-O (10... Qxb2 11. Rb1 $14)) 10. Rxd1 $17 Nf6 11. Be2 g6 12. Bd4 Ned7 {[%emt 0:01:01] A dynamic duo of knights.} 13. fxg6 hxg6 14. Ne4 Bg7 15. Bf3 (15. h4 $17 {might work better.}) 15... Rh4 $19 16. O-O (16. Nc3 $142) 16... Nxe4 17. Bxe4 Rxe4 (17... e5 $142 18. Rfe1 exd4 19. Bxc6+ Kd8) 18. Bxg7 f6 19. Bh6 g5 20. f4 g4 21. Rfe1 Nc5 22. f5 Rd8 23. Rxd8+ Kxd8 24. Rxe4 Nxe4 $17 {[%emt 0:00:09][%mdl 4096] Endgame KB-KN. Black is a pawn up.} 25. Bf4 Kd7 26. Kf1 $2 (26. Kg2 $17) 26... Nd6 $19 27. Ke2 Nxf5 28. Kd3 (28. Bb8 $142) 28... e5 29. Bd2 Ke6 30. c4 Nd4 31. b4 Nf3 32. Be3 b6 33. a4 f5 34. a5 f4 (34... Nxh2 35. Bxb6 g3 (35... axb6 36. a6 $17) 36. Bxa7 $19) (34... bxa5 $142 35. bxa5 a6 (35... Nxh2 $2 36. Bxa7 Kd7 37. Bb8 $19)) 35. Bxb6 a6 $2 (35... axb6 36. a6 $11) (35... Nxh2 $19 {...g3 is the strong threat.} 36. Bxa7 g3) 36. b5 $1 $11 Kd7 (36... Nxh2 $2 {is the wrong capture.} 37. bxa6 f3 38. a7 $18) (36... axb5 $2 37. a6 $18) 37. bxa6 Kc8 $1 38. Ke4 Nxh2 39. Kxe5 f3 40. Kf4 (40. a7 $5 Kb7 $8 41. Kf4 $11) 40... Kb8 41. Kg3 Nf1+ 42. Kxg4 Nd2 43. Kg3 Ka8 $2 {[%emt 0:00:00][%mdl 8192] [#]} (43... f2 $11 44. Kxf2 (44. Bxf2 Nxc4 45. Bb6 Nxa5 $11) 44... Nxc4) 44. Kf2 $2 (44. c5 $1 $18 {aiming for Kf2.} Kb8 45. Kf2) 44... Kb8 $2 (44... Nxc4 $11 45. Kxf3 Nxa5) 45. Ke3 $2 (45. c5 $18) 45... Nxc4+ {[%emt 0:00:00] The position is equal.} 46. Kxf3 Nxa5 47. Bxa5 {[%emt 0:00:00] KB-KP} Ka7 {[%emt 0:00:00] Prevents Bb6+.} 48. Ke4 $1 Kxa6 49. Bc3 c5 50. Kd5 Kb5 51. Bd2 c4 52. Kd4 c3 53. Bxc3 Kc6 54. Ke4 {Quite a comeback for White.   Weighted Error Value: White=0.61/Black=0.16 (very precise)   Loses game:     	White=1     	Black=2      Missed win:     	White=2     	---        Mistake:       	White=5     	Black=2      Inaccurate:     	White=1     	---        OK:         	White=19    	Black=16     Best:        	White=4     	Black=3      Strong:       	White=2     	Black=1} 1/2-1/2

[Event "FIDE WSTC Open 50 2025"]
[Site "Prague"]
[Date "2025.02.19"]
[Round "3.35"]
[White "Zvara, Petr"]
[Black "Martin, Benjamin M S"]
[Result "0-1"]
[Annotator "TA"]
[ECO "C78"]
[WhiteElo "2330"]
[BlackElo "2375"]
[PlyCount "91"]
[EventDate "2025.02.17"]
[EventType "team-tourn"]
[EventCountry "CZE"]
[SourceTitle "playchess.com"]
[Source "ChessBase"]
[SourceQuality "1"]
[TimeControl "40/5400+30:1800+30"]

1. e4 e5 2. Nf3 Nc6 3. Bb5 a6 4. Ba4 Nf6 5. O-O Bc5 6. c3 O-O 7. d4 Ba7 8. Re1 {[%emt 0:11:02] C78: Ruy Lopez: Archangelsk and Möller Defences.} d6 $1 {[%emt 0:01:41] 8...d6 is better than 8...b5.} 9. h3 b5 10. Bb3 {[%emt 0:01:43] White is slightly better.} Bb7 {[%emt 0:09:12] has lost popularity (10...h6).} 11. Bg5 Re8 12. d5 $1 Na5 13. Bc2 h6 14. Bh4 ({Better is} 14. Bxf6 $1 $14 Qxf6 15. a4) 14... Nc4 $146 ({Predecessor:} 14... c6 15. Nbd2 cxd5 16. exd5 Qb6 17. Bxf6 Qxf2+ 18. Kh2 gxf6 19. Ne4 Qb6 20. Nxf6+ Kf8 21. Nd7+ {1-0 Schmid,S (2253)-Schmitt,H Miercurea Ciuc-C 7th 2004 (6)}) 15. b3 Nb6 16. Nbd2 g5 {[%emt 0:08:49] [#]} 17. Nxg5 hxg5 $11 18. Bxg5 Nbd7 19. Qf3 Kg7 20. Nf1 Rh8 (20... Rg8 $11 {feels stronger.}) 21. Rad1 (21. a4 $14 {keeps the upper hand.}) 21... Qg8 $17 22. Rd3 (22. h4 $15) 22... Qh7 (22... Kf8 $1 $17 23. Qf5 (23. Bxf6 Rh6 $17) 23... Qg6 24. Qxg6 fxg6) 23. Ng3 $15 Qg6 24. Nf5+ Kf8 25. h4 Qh5 26. Qxh5 Nxh5 27. Bd1 Nf4 28. Rf3 {[%emt 0:00:14] [#]} (28. Rg3 $142) 28... f6 $1 $17 29. Bh6+ Kf7 30. g3 {[%emt 0:00:14] [#]} Ng6 31. Rd3 (31. Bd2 $142) 31... Ndf8 (31... Nc5 $19 32. Rf3 Rag8) 32. Bd2 Bc8 33. c4 (33. Rf3 $17) 33... Bxf5 $19 34. exf5 Ne7 35. Bg4 bxc4 36. bxc4 Nd7 37. Kg2 Rab8 38. h5 (38. Rb3 {was forced.}) 38... Bc5 39. h6 (39. Rb3 {was worth a try.}) 39... Kg8 40. Bh5 (40. Rb3 $142) 40... Kh7 (40... Nxf5 41. Bg4 Nxh6 42. Bxd7 $11) 41. Bf7 Bb4 {[%emt 0:32:24] And now ...Nc5 would win.} (41... Nxf5 42. Be6 Nxh6 43. Bxd7 $15) 42. Re4 Bxd2 (42... Nxf5 43. Be6 Nxh6 44. Bxh6 $11 (44. Bxd7 Bxd2 45. Rxd2 Kg6 $11)) 43. Rxd2 Rhf8 ({Weaker is} 43... Nxf5 44. Be6 Nd4 45. Bxd7 $11) 44. Bh5 (44. Be6 Nc5 45. Rg4 Nxe6 (45... Kxh6 46. Rd1 Kh5 47. Rh4+ Kg5 48. Rdh1 Nxf5 49. f4+ exf4 50. gxf4+ Kg6 51. Rg4#) 46. fxe6) 44... Nc5 45. Rh4 Nxf5 ({Stronger than} 45... Kxh6 46. Be8+ Kg7 47. Rg4+ Kh7 48. Rd1) 46. Rh1 {[%emt 0:00:00] Weighted Error Value: White=0.46/Black=0.29 (precise)   Mistake:       	White=11    	Black=3      Inaccurate:     	White=2     	Black=6      OK:         	White=6     	Black=15     Best:        	White=1     	Black=3      Strong:       	White=1     	---} 0-1

[Event "FIDE WSTC Open 50 2025"]
[Site "Prague"]
[Date "2025.02.19"]
[Round "3.36"]
[White "Proudfoot, Andy"]
[Black "Konopka, Michal"]
[Result "0-1"]
[Annotator "TA"]
[ECO "B04"]
[WhiteElo "1597"]
[BlackElo "2326"]
[PlyCount "24"]
[EventDate "2025.02.17"]
[EventType "team-tourn"]
[EventCountry "CZE"]
[SourceTitle "playchess.com"]
[Source "ChessBase"]
[SourceQuality "1"]
[TimeControl "40/5400+30:1800+30"]

1. e4 Nf6 2. e5 Nd5 3. d4 d6 4. Nf3 g6 5. Bc4 c6 6. Bb3 Bg7 7. O-O dxe5 {[%emt 0:01:19] B04: Alekhine's Defence: 4 Nf3.} 8. c4 $146 (8. Nxe5 $14 O-O 9. c4) (8. Nxe5 O-O 9. c4 Nc7 10. Re1 Bf5 11. Nc3 Nd7 12. Nf3 Bg4 13. Be3 Ne6 14. d5 Nec5 15. Bc2 cxd5 16. cxd5 {0-1 Przybylski,W (2320)-Sergeev,V (2449) Perla Baltyku op-A 3rd 2007 (6)}) 8... Nf4 $1 $15 9. Nxe5 {[%emt 0:19:54] [#]} (9. Be3 $17) 9... Qxd4 $1 $19 10. Nf3 Qxd1 11. Rxd1 $2 (11. Bxd1 {nothing else works.} Nd3 12. Nc3) 11... Ne2+ 12. Kf1 Nxc1 {[%emt 0:00:08] Black took control after the opening.   Weighted Error Value: White=1.01/Black=0.03 (flawless)   Mistake:       	White=3     	---        OK:         	White=2     	Black=1      Best:        	---       	Black=2      Strong:       	---       	Black=1      Brilliant:      	---       	Black=1} 0-1

[Event "FIDE WSTC Open 50 2025"]
[Site "Prague"]
[Date "2025.02.19"]
[Round "3.37"]
[White "Seul, Georg"]
[Black "Lauterbach, Ingrid"]
[Result "1/2-1/2"]
[Annotator "TA"]
[ECO "B31"]
[WhiteElo "2329"]
[BlackElo "2003"]
[PlyCount "49"]
[EventDate "2025.02.17"]
[EventType "team-tourn"]
[EventCountry "CZE"]
[SourceTitle "playchess.com"]
[Source "ChessBase"]
[SourceQuality "1"]
[TimeControl "40/5400+30:1800+30"]

1. e4 c5 2. Nf3 Nc6 3. Bb5 g6 4. O-O Bg7 5. Re1 Nh6 6. h3 {[%emt 0:03:58] B31: Sicilian: 2...Nc6 3 Bb5 g6.} e5 $146 (6... f6 7. c3 Nf7 8. d4 cxd4 9. cxd4 O-O 10. Nc3 a6 11. Bf1 d6 12. Be3 Qa5 13. d5 Nce5 {0-1 Klein,D (2508)-Reimanis,R (2302) Titled Tuesday intern op 2nd May blitz 2017 (7)}) 7. Bxc6 (7. d3 $14) 7... bxc6 8. c3 {[%emt 0:00:58][%cal Bc2c3,Bc3d4][%mdl 32] White has an edge.} f6 9. d4 cxd4 10. cxd4 Nf7 11. Nc3 O-O 12. b3 Re8 13. Bb2 d6 14. Qc2 exd4 15. Nxd4 c5 16. Nde2 {[%emt 0:01:52] White is more active.} f5 17. Nf4 (17. Nd5 $16) 17... Ne5 18. Rad1 (18. Qd2 $14 {stays ahead.} Bb7 19. Nfd5) 18... Qg5 $17 {[%emt 0:03:04] [#]} 19. Nfd5 ({White should play} 19. Ncd5 $15) 19... Nf3+ 20. Kh1 Nxe1 21. Rxe1 Bb7 22. Nc7 {[%emt 0:20:32] [#]} Be5 23. Nxe8 (23. Bc1 $15 Qh4 24. N3d5) 23... Rxe8 24. Bc1 {[%emt 0:10:58] Prevents Qf4} Qh5 ({Better is} 24... Qh4 $17 {...f4 is the strong threat.} 25. Kg1 Bd4) 25. Kg1 {[%emt 0:01:29] Weighted Error Value: White=0.37/Black=0.30  Mistake:       	White=5     	Black=2      Inaccurate:     	---       	Black=3      OK:         	White=5     	Black=3      Best:        	White=1     	Black=2} 1/2-1/2

[Event "FIDE WSTC Open 50 2025"]
[Site "Prague"]
[Date "2025.02.19"]
[Round "3.38"]
[White "Jackson, Sheila"]
[Black "Schulz, Klaus-Juergen"]
[Result "0-1"]
[Annotator "TA"]
[ECO "B80"]
[WhiteElo "2009"]
[BlackElo "2345"]
[PlyCount "86"]
[EventDate "2025.02.17"]
[EventType "team-tourn"]
[EventCountry "CZE"]
[SourceTitle "playchess.com"]
[Source "ChessBase"]
[SourceQuality "1"]
[TimeControl "40/5400+30:1800+30"]

1. e4 c5 2. Nf3 e6 3. d4 cxd4 4. Nxd4 Nf6 5. Nc3 d6 6. Be3 a6 7. f3 {[%emt 0:02:13] 7.a3 injects fresh life into this line.} b5 8. Qd2 Bd7 {[%emt 0:12:21] B80: Sicilian Scheveningen: 6 g3 and 6 Be3, including English Attack.} (8... Nbd7 $11) 9. Bd3 Nc6 10. Nxc6 Bxc6 {[%emt 0:00:06] The position is equal.} 11. O-O-O Qc7 $146 ({Predecessor:} 11... b4 12. Ne2 a5 13. Nd4 Bb7 14. g4 Be7 15. h4 d5 16. e5 Nd7 17. f4 Nc5 {1-0 Alba Santana,C-Rodriguez Fernandez,C Las Palmas op 2005 (4.39)}) 12. Kb1 Be7 13. h4 b4 14. Ne2 d5 {[%emt 0:00:14] [#]} 15. e5 Nd7 16. f4 $36 {[%emt 0:00:39][%mdl 2048] White has the initiative.} Nc5 17. Nd4 Na4 (17... Bd7 $11 {and Black stays safe.}) 18. Ka1 ({White should try} 18. f5 $18) 18... Bd7 19. h5 Rb8 (19... Nc5 $14) 20. Ne2 (20. Bxa6 Qa5 21. h6 gxh6 $17) (20. f5 $16) 20... Bb5 21. Bd4 Bc5 22. Bxb5+ axb5 23. Bxc5 Qxc5 (23... Nxc5 $14 24. h6 (24. Qxb4 O-O $16) 24... Ne4 25. hxg7 (25. Qxb4 gxh6 26. Rc1 Rg8 $16) 25... Rg8 26. Qxb4 Rxg7) 24. Rh3 Ra8 (24... O-O $142) 25. Rb3 (25. f5 $142) 25... Qc4 {[%emt 0:05:48] [#]} 26. Nc1 $1 (26. Rxb4 Nc3 27. Nxc3 Qxb4 $17) 26... O-O 27. Rxb4 (27. Qxb4 Qxc2 28. Qd2 Qc6 $17) 27... Qc6 28. Kb1 Nb6 29. b3 (29. c3 $142) 29... Rfb8 30. h6 Nd7 (30... g6 $16 {might work better.} 31. Kb2 Qe8) 31. hxg7 $18 {[%emt 0:00:23] Rh1 would now be deadly.} Nc5 32. Qc3 $2 (32. Rh1 $18 {is more deadly.}) 32... Qb6 $2 (32... Rc8 $16) 33. Rh1 Ne4 34. Qh3 Kxg7 35. Qh6+ Kg8 36. Rh4 Nc3+ 37. Ka1 (37. Kb2 $142 {Rg4+ would kill now.} Nd1+ 38. Ka1) 37... Rxa2+ 38. Nxa2 Qg1+ 39. Kb2 Nd1+ 40. Ka3 $4 (40. Kc1 $18 Nf2+ 41. Kd2 (41. Kb2 Nd1+ 42. Kc1 Nf2+ 43. Kd2 Qd1+ 44. Ke3 Ng4+ 45. Rxg4+ Qxg4 $18) 41... Qd1+ 42. Ke3 Ng4+ 43. Rxg4+ Qxg4 44. Qg5+ Qxg5 45. fxg5) 40... Ra8+ {[%emt 0:00:15] Black mates.} 41. Ra4 Qc5+ 42. Nb4 Rxa4+ 43. bxa4 Qc3+ {[%emt 0:00:07] What a bad dream for White.   Weighted Error Value: White=0.53/Black=0.61  Loses game:     	---       	Black=1      Missed win:     	White=2     	---        Mistake:       	White=4     	Black=5      Inaccurate:     	White=5     	Black=6      OK:         	White=7     	Black=4      Best:        	White=3     	Black=3      Strong:       	White=1     	---} 0-1